Admirals NSH vs Bruins

Created - Wednesday, October 29, 2014 at 21:51

Goals
1 2 3 T
Admirals NSH 0 1 1 2
Bruins 0 1 0 1
Shots
1 2 3 T
Admirals NSH 6 10 9 25
Bruins 1 11 7 19

1st period

No Goal

Penalties :
Dmitry Korobov (Pro) for Holding (Minor) at 5:51, Pierre-Cedric Labrie (MIL) for High sticking (Minor) at 15:36

2nd period

1. Bruins , Derek Dorsett 3 (Patrick Bordeleau, Anton Lander) at 12:04
2. Admirals NSH , Jamie Tardif 5 (Brody Sutter, Frazer McLaren) at 14:20 (PP)

Penalties :
Derek Dorsett (Pro) for Fighting (Major) at 0:11, Jyrki Jokipakka (MIL) for Fighting (Major) at 0:11, Brandon Manning (Pro) for Fighting (Major) at 3:10, Frazer McLaren (MIL) for Fighting (Major) at 3:10, Pierre-Cedric Labrie (MIL) for Holding (Minor) at 5:39, Derek Dorsett (Pro) for Hooking (Minor) at 10:02, Brandon Manning (Pro) for Holding (Minor) at 12:39, Frazer McLaren (MIL) for Tripping (Minor) at 16:04, Buddy Robinson (Pro) for Fighting (Major) at 18:36, Marcel Noebels (MIL) for Fighting (Major) at 18:36, Dmitry Korobov (Pro) for Fighting (Major) at 19:34, Pierre-Cedric Labrie (MIL) for Fighting (Major) at 19:34, Pierre-Cedric Labrie (MIL) for instigated a fight (Minor) at 19:34, Pierre-Cedric Labrie (MIL) for instigated a fight (10 Minutes Misconduct) at 19:34

3rd period

3. Admirals NSH , Matt Halischuk 4 (Jamie Tardif) at 13:23 (PP)

Penalties :
Derek Dorsett (Pro) for Slashing (Double Minor) at 2:23, Patrick Bordeleau (Pro) for High sticking (Minor) at 12:25, Kevin Czuczman (Pro) for Roughing (Minor) at 15:43

Goalie Stats

Johan Gustafsson (MIL), 18 saves from 19 shots - (0.947), W, 4-5-1, 60:00 minutes
Andrey Makarov (Pro), 23 saves from 25 shots - (0.920), L, 3-2-2, 60:00 minutes

Players Stats for Admirals NSH

Player Name              G  A  P  +/- PIM S  H  SB GA TA FO     MP     PP MP  PK MP  
------------------------------------------------------------------------------------
Adam Cracknell           0  0  0  -1  0   1  2  1  2  0  2/10   22:20   5:06   4:06 
Alexey Marchenko         0  0  0  -1  0   1  1  2  0  2  0/0    24:14   6:31   5:17 
Brody Sutter             0  1  1   0  0   0  2  0  1  0  3/11   18:42   5:06   1:07 
Cameron Schilling        0  0  0   0  0   0  0  0  0  0  0/0    11:56   0:00   0:00 
Corey Tropp              0  0  0  -1  0   7  5  0  4  3  3/7    22:03   5:56   4:43 
Frazer McLaren           0  1  1   0  7   0  4  0  4  1  0/0    17:40   5:33   0:41 
Fredrik Claesson         0  0  0   0  0   4  3  2  0  1  0/0    27:07   6:04   2:39 
Jamie Tardif             1  1  2   0  0   4  3  0  5  0  0/0    19:47   5:52   0:00 
Jyrki Jokipakka          0  0  0   0  5   0  0  0  0  3  0/0    25:43   6:04   2:39 
Lane MacDermid           0  0  0   0  0   0  0  0  0  0  0/0     1:12   0:00   0:00 
Marcel Noebels           0  0  0   0  5   0  0  0  0  1  0/1    13:32   0:24   2:00 
Matt Halischuk           1  0  1   0  0   4  0  0  2  1  0/2    11:53   1:51   1:25 
Nikita Nesterov          0  0  0   0  0   0  1  0  0  0  0/0     1:58   0:47   0:00 
Oliver Lauridsen         0  0  0   0  0   0  2  0  0  0  0/0     8:03   0:00   0:00 
Patrick Mullen           0  0  0  -1  0   1  1  1  0  1  0/0    23:35   6:31   5:17 
Pierre-Cedric Labrie     0  0  0  -1  21  1  0  0  2  0  0/0    15:14   4:15   1:08 
Wade Megan               0  0  0   0  0   1  3  0  1  0  2/5    14:13   2:01   0:00 
Zach Hamill              0  0  0   0  0   1  0  0  0  0  2/7    12:45   0:54   0:42 

Players Stats for Bruins

Player Name              G  A  P  +/- PIM S  H  SB GA TA FO     MP     PP MP  PK MP  
------------------------------------------------------------------------------------
Anton Lander             0  1  1   1  0   1  0  0  0  0  3/4    20:49   3:58   2:12 
Brandon Alderson         0  0  0   0  0   0  0  0  0  0  0/0     2:14   0:00   0:00 
Brandon Manning          0  0  0   0  7   0  0  0  0  1  0/0    12:45   1:59   0:00 
Buddy Robinson           0  0  0   0  5   2  0  0  0  0  1/1    13:16   0:25   0:08 
Conor Allen              0  0  0   1  0   2  0  1  0  2  0/0    21:36   2:07   4:14 
Derek Dorsett            1  0  1   1  11  5  2  0  3  0  3/4    19:25   3:44   1:48 
Dmitry Korobov           0  0  0   0  7   0  3  0  1  2  0/0    24:07   3:50   5:51 
Jake Newton              0  0  0   0  0   0  0  0  0  0  0/0     0:00   0:00   0:00 
Jim Slater               0  0  0   0  0   1  1  1  0  0  10/12  19:39   3:28   0:23 
Kael Mouillierat         0  0  0   0  0   1  1  1  1  0  10/17  22:22   3:42   7:03 
Kevin Czuczman           0  0  0   0  2   2  3  2  3  0  0/0    25:08   5:49   6:22 
Magnus Nygren            0  0  0   0  0   1  0  0  1  0  0/0    16:59   0:00   4:34 
Patrick Bordeleau        0  1  1   1  2   1  1  0  3  0  0/0    18:41   3:33   3:21 
Patrick Cehlin           0  0  0   0  0   1  1  1  1  1  1/2    15:11   0:00   3:10 
Raman Hrabarenka         0  0  0   1  0   1  0  1  0  4  0/0    20:46   2:07   4:14 
Scott Timmins            0  0  0   0  0   1  0  2  4  1  3/3    18:44   0:30   6:50 
Simon Moser              0  0  0   0  0   0  2  0  1  0  0/0    14:49   4:12   0:23 
Tim Sestito              0  0  0   0  0   0  0  0  0  0  0/0     0:57   0:16   0:00 

3 Stars

1 - Jamie Tardif (MIL)
2 - Johan Gustafsson (MIL)
3 - Matt Halischuk (MIL)

Power Play

Admirals NSH - 2 on 7 Attempt(s) - 28.57%
Bruins - 0 on 4 Attempt(s) - 0.00%

Penalty Kill

Admirals NSH - 4 on 4 Attempt(s) - 100.00% - Score 0 goal in Penalty Kill
Bruins - 5 on 7 Attempt(s) - 71.43% - Score 0 goal in Penalty Kill

Official

Referees : Unknown
Linesman : Unknown

Game Notes

Derek Dorsett and Jyrki Jokipakka fight to a draw at 0:11 of 2nd period
Brandon Manning beats up Frazer McLaren at 3:10 of 2nd period
Buddy Robinson beats up Marcel Noebels at 18:36 of 2nd period
Pierre-Cedric Labrie beats up Dmitry Korobov at 19:34 of 2nd period

Finance

Level 1 -- Attendance: 1456 (72.80%) -- Ticket Income $50,960
Level 2 -- Attendance: 744 (74.40%) -- Ticket Income $11,160
Total Attendance: 2200 (73.33%)
Total Ticket Income: $62,120
Other Income: $30,439
Total Income: $92,559

Admirals NSH

5 vs 5 Forward 
   Center                   Left Wing                Right Wing               Time % Phy DF OF 
 1 Adam Cracknell           Matt Halischuk           Corey Tropp              28     1   2  2  
 2 Brody Sutter             Frazer McLaren           Jamie Tardif             28     1   2  2  
 3 Wade Megan               Pierre-Cedric Labrie     Adam Cracknell           28     1   2  2  
 4 Zach Hamill              Marcel Noebels           Corey Tropp              16     1   2  2  

5 vs 5 Defense 
   Defense                  Defense                                           Time % Phy DF OF 
 1 Fredrik Claesson         Jyrki Jokipakka                                   35     1   2  2  
 2 Patrick Mullen           Alexey Marchenko                                  30     1   2  2  
 3 Jyrki Jokipakka          Cameron Schilling                                 22     1   2  2  
 4 Oliver Lauridsen         Fredrik Claesson                                  13     1   2  2  

PowerPlay Forward 
   Center                   Left Wing                Right Wing               Time % Phy DF OF 
 1 Adam Cracknell           Pierre-Cedric Labrie     Corey Tropp              60     1   2  2  
 2 Brody Sutter             Frazer McLaren           Jamie Tardif             40     1   2  2  

PowerPlay Defense
   Defense                  Defense                                           Time % Phy DF OF 
 1 Fredrik Claesson         Jyrki Jokipakka                                   60     1   2  2  
 2 Patrick Mullen           Alexey Marchenko                                  40     1   2  2  

Penalty Kill 4 Players Forward 
   Center                   Wing                     Time % Phy DF OF 
 1 Corey Tropp              Pierre-Cedric Labrie     60     1   2  2  
 2 Adam Cracknell           Brody Sutter             40     1   2  2  

Penalty Kill 4 Players Defense
   Defense                  Defense                  Time % Phy DF OF 
 1 Fredrik Claesson         Jyrki Jokipakka          60     1   2  2  
 2 Patrick Mullen           Alexey Marchenko         40     1   2  2  

Penalty Kill - 3 Players Forward 
   Forward                                           Time % Phy DF OF 
 1 Brody Sutter                                      60     1   2  2  
 2 Adam Cracknell                                    40     1   2  2  

Penalty Kill - 3 Players Defense
   Defense                  Defense                  Time % Phy DF OF 
 1 Fredrik Claesson         Jyrki Jokipakka          60     1   2  2  
 2 Patrick Mullen           Alexey Marchenko         40     1   2  2  

4 vs 4 Forward 
   Center                   Wing                     Time % Phy DF OF 
 1 Corey Tropp              Frazer McLaren           60     1   2  2  
 2 Adam Cracknell           Brody Sutter             40     1   2  2  

4 vs 4 Defense
   Defense                  Defense                  Time % Phy DF OF 
 1 Fredrik Claesson         Jyrki Jokipakka          60     1   2  2  
 2 Patrick Mullen           Alexey Marchenko         40     1   2  2  

Last Minutes Offensive
   Center                   Left Wing                Right Wing               Defense                  Defense                  
   Adam Cracknell           Matt Halischuk           Corey Tropp              Fredrik Claesson         Jyrki Jokipakka          

Last Minutes Defensive
   Center                   Left Wing                Right Wing               Defense                  Defense                  
   Adam Cracknell           Matt Halischuk           Corey Tropp              Fredrik Claesson         Jyrki Jokipakka          

Goaltenders
Starting : Johan Gustafsson         
Backup : Olivier Roy              

Extra Forwards
Normal : Pierre-Cedric Labrie, Wade Megan, Marcel Noebels - PP : Pierre-Cedric Labrie, Wade Megan - PK : Marcel Noebels
Extra Defensemen
Normal : Jyrki Jokipakka, Cameron Schilling, Oliver Lauridsen - PP : Fredrik Claesson - PK : Cameron Schilling, Oliver Lauridsen
Penalty Shots
Matt Halischuk, Wade Megan, Adam Cracknell, Brody Sutter, Frazer McLaren

Bruins

5 vs 5 Forward 
   Center                   Left Wing                Right Wing               Time % Phy DF OF 
 1 Jim Slater               Anton Lander             Derek Dorsett            35     1   2  2  
 2 Kael Mouillierat         Patrick Bordeleau        Simon Moser              30     1   2  2  
 3 Scott Timmins            Patrick Cehlin           Buddy Robinson           22     1   2  2  
 4 Derek Dorsett            Patrick Bordeleau        Kael Mouillierat         13     1   2  2  

5 vs 5 Defense 
   Defense                  Defense                                           Time % Phy DF OF 
 1 Kevin Czuczman           Dmitry Korobov                                    35     1   2  2  
 2 Conor Allen              Raman Hrabarenka                                  30     1   2  2  
 3 Brandon Manning          Magnus Nygren                                     22     1   2  2  
 4 Kevin Czuczman           Dmitry Korobov                                    13     1   2  2  

PowerPlay Forward 
   Center                   Left Wing                Right Wing               Time % Phy DF OF 
 1 Jim Slater               Anton Lander             Derek Dorsett            60     1   2  2  
 2 Kael Mouillierat         Patrick Bordeleau        Simon Moser              40     1   2  2  

PowerPlay Defense
   Defense                  Defense                                           Time % Phy DF OF 
 1 Kevin Czuczman           Dmitry Korobov                                    60     1   2  2  
 2 Conor Allen              Raman Hrabarenka                                  40     1   2  2  

Penalty Kill 4 Players Forward 
   Center                   Wing                     Time % Phy DF OF 
 1 Kael Mouillierat         Scott Timmins            60     1   2  2  
 2 Derek Dorsett            Patrick Bordeleau        40     1   2  2  

Penalty Kill 4 Players Defense
   Defense                  Defense                  Time % Phy DF OF 
 1 Kevin Czuczman           Dmitry Korobov           60     1   2  2  
 2 Conor Allen              Raman Hrabarenka         40     1   2  2  

Penalty Kill - 3 Players Forward 
   Forward                                           Time % Phy DF OF 
 1 Derek Dorsett                                     60     1   2  2  
 2 Patrick Bordeleau                                 40     1   2  2  

Penalty Kill - 3 Players Defense
   Defense                  Defense                  Time % Phy DF OF 
 1 Kevin Czuczman           Dmitry Korobov           60     1   2  2  
 2 Conor Allen              Raman Hrabarenka         40     1   2  2  

4 vs 4 Forward 
   Center                   Wing                     Time % Phy DF OF 
 1 Kael Mouillierat         Buddy Robinson           60     1   2  2  
 2 Derek Dorsett            Patrick Bordeleau        40     1   2  2  

4 vs 4 Defense
   Defense                  Defense                  Time % Phy DF OF 
 1 Kevin Czuczman           Dmitry Korobov           60     1   2  2  
 2 Conor Allen              Raman Hrabarenka         40     1   2  2  

Last Minutes Offensive
   Center                   Left Wing                Right Wing               Defense                  Defense                  
   Jim Slater               Anton Lander             Derek Dorsett            Kevin Czuczman           Dmitry Korobov           

Last Minutes Defensive
   Center                   Left Wing                Right Wing               Defense                  Defense                  
   Jim Slater               Anton Lander             Derek Dorsett            Kevin Czuczman           Dmitry Korobov           

Goaltenders
Starting : Andrey Makarov           
Backup : Philipp Grubauer         

Extra Forwards
Normal : Buddy Robinson, Scott Timmins, Patrick Cehlin - PP : Buddy Robinson, Scott Timmins - PK : Patrick Cehlin
Extra Defensemen
Normal : Brandon Manning, Magnus Nygren, Conor Allen - PP : Brandon Manning - PK : Magnus Nygren, Conor Allen
Penalty Shots
Patrick Cehlin, Jim Slater, Derek Dorsett, Patrick Bordeleau, Kael Mouillierat

% Time on Ice - Admirals NSH

Lines # - Real PCT - Wanted PCT - Time Play
Normal Forward
1 - 15% - 28% - 5:51
2 - 31% - 28% - 11:53
3 - 31% - 28% - 12:03
4 - 23% - 16% - 8:58
Normal Defense
1 - 26% - 35% - 10:09
2 - 30% - 30% - 11:47
3 - 24% - 22% - 9:18
4 - 19% - 13% - 7:31
PP Forward
1 - 59% - 60% - 7:29
2 - 41% - 40% - 5:06
PP Defense
1 - 48% - 60% - 6:04
2 - 52% - 40% - 6:31
PK Forward
1 - 89% - 60% - 7:05
2 - 11% - 40% - 0:51
PK Defense
1 - 33% - 60% - 2:39
2 - 67% - 40% - 5:17
PK3 Forward
1 - 0% - 60%
2 - 0% - 40%
PK3 Defense
1 - 0% - 60%
2 - 0% - 40%
44 Forward
1 - 0% - 60%
2 - 0% - 40%
44 Defense
1 - 0% - 60%
2 - 0% - 40%
Last Minute Offensive  - 0:00
Last Minute Defensive  - 0:44
Total
Forward - 60:00
Defense - 60:00

% Time on Ice - Bruins

Lines # - Real PCT - Wanted PCT - Time Play
Normal Forward
1 - 40% - 35% - 15:22
2 - 25% - 30% - 9:35
3 - 29% - 22% - 11:14
4 - 6% - 13% - 2:24
Normal Defense
1 - 31% - 35% - 12:08
2 - 35% - 30% - 13:31
3 - 30% - 22% - 11:37
4 - 3% - 13% - 1:19
PP Forward
1 - 47% - 60% - 3:44
2 - 53% - 40% - 4:12
PP Defense
1 - 73% - 60% - 5:49
2 - 27% - 40% - 2:07
PK Forward
1 - 73% - 60% - 9:14
2 - 27% - 40% - 3:21
PK Defense
1 - 66% - 60% - 8:21
2 - 34% - 40% - 4:14
PK3 Forward
1 - 0% - 60%
2 - 0% - 40%
PK3 Defense
1 - 0% - 60%
2 - 0% - 40%
44 Forward
1 - 0% - 60%
2 - 0% - 40%
44 Defense
1 - 0% - 60%
2 - 0% - 40%
Last Minute Offensive  - 0:54
Last Minute Defensive  - 0:00
Total
Forward - 60:00
Defense - 60:00

Play by Play

1st period


0:01 of 1st period - Anton Lander wins face-off versus Matt Halischuk in neutral zone.
0:11 of 1st period - Icing by Dmitry Korobov.
0:12 of 1st period - Jim Slater wins face-off versus Adam Cracknell in Bruins zone.
0:23 of 1st period - Dmitry Korobov is hit by Corey Tropp and loses puck.
1:06 of 1st period - Simon Moser is hit by Frazer McLaren and loses puck.
2:18 of 1st period - Slapshot by Patrick Cehlin.
2:18 of 1st period - Stopped by Johan Gustafsson with a rebound.
3:52 of 1st period - Snap shot by Zach Hamill.
3:52 of 1st period - Shot Misses the Net.
4:30 of 1st period - Derek Dorsett is hit by Oliver Lauridsen and loses puck.
5:51 of 1st period - Minor Penalty to Dmitry Korobov for Holding.
5:52 of 1st period - Kael Mouillierat wins face-off versus Adam Cracknell in Bruins zone.
5:58 of 1st period - Icing by Adam Cracknell.
5:59 of 1st period - Kael Mouillierat wins face-off versus Adam Cracknell in Admirals NSH zone.
7:07 of 1st period - Snap shot by Frazer McLaren.
7:07 of 1st period - Shot Misses the Net.
7:17 of 1st period - Wrist shot by Jamie Tardif.
7:17 of 1st period - Shot Blocked by Patrick Cehlin.
7:49 of 1st period - Scott Timmins is hit by Jamie Tardif and loses puck.
7:51 of 1st period - Penalty to Dmitry Korobov is over, Dmitry Korobov is back on ice.
8:19 of 1st period - Snap shot by Matt Halischuk.
8:19 of 1st period - Shot Blocked by Conor Allen.
8:21 of 1st period - Snap shot by Oliver Lauridsen.
8:21 of 1st period - Shot Misses the Net.
8:37 of 1st period - Wrist shot by Matt Halischuk.
8:37 of 1st period - Stopped by Andrey Makarov with a rebound.
8:39 of 1st period - Slapshot by Fredrik Claesson.
8:39 of 1st period - Stopped by Andrey Makarov with a rebound.
8:41 of 1st period - Slapshot by Matt Halischuk.
8:41 of 1st period - Shot Hit the Post.
8:43 of 1st period - Slapshot by Alexey Marchenko.
8:43 of 1st period - Stopped by Andrey Makarov with a rebound.
9:19 of 1st period - Snap shot by Jim Slater.
9:19 of 1st period - Shot Misses the Net.
10:27 of 1st period - Jamie Tardif is hit by Dmitry Korobov and loses puck.
10:49 of 1st period - Raman Hrabarenka is hit by Corey Tropp and loses puck.
11:13 of 1st period - Snap shot by Matt Halischuk.
11:13 of 1st period - Shot Blocked by Jim Slater.
11:15 of 1st period - Slapshot by Brody Sutter.
11:15 of 1st period - Shot Misses the Net.
11:41 of 1st period - Slapshot by Wade Megan.
11:41 of 1st period - Shot Misses the Net.
11:43 of 1st period - Wrist shot by Matt Halischuk.
11:43 of 1st period - Stopped by Andrey Makarov without a rebound.
11:44 of 1st period - Jim Slater wins face-off versus Wade Megan in Bruins zone.
11:57 of 1st period - Jim Slater is hit by Wade Megan and loses puck.
12:18 of 1st period - Buddy Robinson is hit by Frazer McLaren and loses puck.
12:31 of 1st period - Snap shot by Corey Tropp.
12:31 of 1st period - Stopped by Andrey Makarov with a rebound.
12:57 of 1st period - Slapshot by Adam Cracknell.
12:57 of 1st period - Deflect By Frazer McLaren.
12:57 of 1st period - Shot Misses the Net.
12:57 of 1st period - Puck is out of play.
12:58 of 1st period - Wade Megan wins face-off versus Kael Mouillierat in Bruins zone.
13:27 of 1st period - Derek Dorsett is hit by Corey Tropp and loses puck.
13:46 of 1st period - Snap shot by Frazer McLaren.
13:46 of 1st period - Shot Misses the Net.
13:48 of 1st period - Slapshot by Patrick Mullen.
13:48 of 1st period - Stopped by Andrey Makarov with a rebound.
13:50 of 1st period - Snap shot by Patrick Mullen.
13:50 of 1st period - Shot Blocked by Raman Hrabarenka.
15:36 of 1st period - Minor Penalty to Pierre-Cedric Labrie for High sticking.
15:37 of 1st period - Kael Mouillierat wins face-off versus Corey Tropp in Admirals NSH zone.
17:03 of 1st period - Zach Hamill is hit by Simon Moser and loses puck.
17:10 of 1st period - Slapshot by Simon Moser.
17:10 of 1st period - Shot Misses the Net.
17:12 of 1st period - Snap shot by Simon Moser.
17:12 of 1st period - Shot Blocked by Alexey Marchenko.
17:36 of 1st period - Penalty to Pierre-Cedric Labrie is over, Pierre-Cedric Labrie is back on ice.
18:16 of 1st period - Patrick Cehlin is hit by Wade Megan and loses puck.
Goals for this period are 0 for Admirals NSH vs 0 for Bruins.
Shots for this period are 6 for Admirals NSH vs 1 for Bruins.

2nd period


0:01 of 2nd period - Derek Dorsett wins face-off versus Matt Halischuk in neutral zone.
0:11 of 2nd period - Derek Dorsett and Jyrki Jokipakka fight to a draw.
0:11 of 2nd period - Penalty to Derek Dorsett for Fighting.
0:11 of 2nd period - Penalty to Jyrki Jokipakka for Fighting.
0:12 of 2nd period - Buddy Robinson wins face-off versus Corey Tropp in Admirals NSH zone.
0:47 of 2nd period - Snap shot by Corey Tropp.
0:47 of 2nd period - Stopped by Andrey Makarov with a rebound.
0:49 of 2nd period - Snap shot by Corey Tropp.
0:49 of 2nd period - Stopped by Andrey Makarov without a rebound.
0:50 of 2nd period - Brody Sutter wins face-off versus Jim Slater in Bruins zone.
3:10 of 2nd period - Brandon Manning beats up Frazer McLaren.
3:10 of 2nd period - Penalty to Brandon Manning for Fighting.
3:10 of 2nd period - Penalty to Frazer McLaren for Fighting.
3:11 of 2nd period - Kael Mouillierat wins face-off versus Brody Sutter in Bruins zone.
4:02 of 2nd period - Jim Slater is hit by Adam Cracknell and loses puck.
4:53 of 2nd period - Anton Lander is hit by Corey Tropp and loses puck.
5:04 of 2nd period - Snap shot by Pierre-Cedric Labrie.
5:04 of 2nd period - Shot Misses the Net.
5:06 of 2nd period - Backhand shot by Fredrik Claesson.
5:06 of 2nd period - Shot Misses the Net.
5:08 of 2nd period - Slapshot by Fredrik Claesson.
5:08 of 2nd period - Shot Blocked by Scott Timmins.
5:10 of 2nd period - Wrist shot by Fredrik Claesson.
5:10 of 2nd period - Stopped by Andrey Makarov with a rebound.
5:12 of 2nd period - Slapshot by Fredrik Claesson.
5:12 of 2nd period - Stopped by Andrey Makarov with a rebound.
5:14 of 2nd period - Snap shot by Brody Sutter.
5:14 of 2nd period - Shot Misses the Net.
5:16 of 2nd period - Snap shot by Cameron Schilling.
5:16 of 2nd period - Shot Hit the Post.
5:39 of 2nd period - Minor Penalty to Pierre-Cedric Labrie for Holding.
5:40 of 2nd period - Corey Tropp wins face-off versus Kael Mouillierat in Admirals NSH zone.
6:11 of 2nd period - Patrick Bordeleau is hit by Fredrik Claesson and loses puck.
6:22 of 2nd period - Slapshot by Corey Tropp.
6:22 of 2nd period - Stopped by Andrey Makarov without a rebound.
6:23 of 2nd period - Corey Tropp wins face-off versus Jim Slater in Bruins zone.
6:34 of 2nd period - Snap shot by Kevin Czuczman.
6:34 of 2nd period - Shot Blocked by Patrick Mullen.
7:27 of 2nd period - Wrist shot by Marcel Noebels.
7:27 of 2nd period - Shot Misses the Net.
7:29 of 2nd period - Slapshot by Jyrki Jokipakka.
7:29 of 2nd period - Shot Blocked by Kevin Czuczman.
7:39 of 2nd period - Penalty to Pierre-Cedric Labrie is over, Pierre-Cedric Labrie is back on ice.
7:53 of 2nd period - Conor Allen is hit by Jamie Tardif and loses puck.
8:11 of 2nd period - Icing by Buddy Robinson.
8:12 of 2nd period - Scott Timmins wins face-off versus Brody Sutter in Bruins zone.
9:17 of 2nd period - Snap shot by Buddy Robinson.
9:17 of 2nd period - Stopped by Johan Gustafsson with a rebound.
10:02 of 2nd period - Minor Penalty to Derek Dorsett for Hooking.
10:03 of 2nd period - Kael Mouillierat wins face-off versus Brody Sutter in Bruins zone.
10:14 of 2nd period - Wrist shot by Jamie Tardif.
10:14 of 2nd period - Stopped by Andrey Makarov without a rebound.
10:15 of 2nd period - Kael Mouillierat wins face-off versus Brody Sutter in Bruins zone.
10:46 of 2nd period - Slapshot by Scott Timmins.
10:46 of 2nd period - Stopped by Johan Gustafsson with a rebound.
11:34 of 2nd period - Alexey Marchenko is hit by Dmitry Korobov and loses puck.
11:41 of 2nd period - Corey Tropp is hit by Kevin Czuczman and loses puck.
12:02 of 2nd period - Penalty to Derek Dorsett is over, Derek Dorsett is back on ice.
12:02 of 2nd period - Snap shot by Anton Lander.
12:02 of 2nd period - Shot Misses the Net.
12:04 of 2nd period - Slapshot by Patrick Bordeleau.
12:04 of 2nd period - Deflect By Derek Dorsett.
12:04 of 2nd period - Goal by Derek Dorsett - Admirals NSH : 0 - Bruins : 1.
12:05 of 2nd period - Jim Slater wins face-off versus Brody Sutter in neutral zone.
12:39 of 2nd period - Minor Penalty to Brandon Manning for Holding.
12:40 of 2nd period - Kael Mouillierat wins face-off versus Brody Sutter in Bruins zone.
12:45 of 2nd period - Slapshot by Kevin Czuczman.
12:45 of 2nd period - Shot Misses the Net.
12:57 of 2nd period - Kevin Czuczman is hit by Fredrik Claesson and loses puck.
13:18 of 2nd period - Wrist shot by Pierre-Cedric Labrie.
13:18 of 2nd period - Stopped by Andrey Makarov with a rebound.
13:28 of 2nd period - Kevin Czuczman is hit by Brody Sutter and loses puck.
13:53 of 2nd period - Wrist shot by Corey Tropp.
13:53 of 2nd period - Deflect By Pierre-Cedric Labrie.
13:53 of 2nd period - Shot Blocked by Scott Timmins.
13:53 of 2nd period - Puck is out of play.
13:54 of 2nd period - Patrick Cehlin wins face-off versus Adam Cracknell in Bruins zone.
14:20 of 2nd period - Snap shot by Jamie Tardif.
14:20 of 2nd period - Goal by Jamie Tardif - Admirals NSH : 1 - Bruins : 1.
14:21 of 2nd period - Jim Slater wins face-off versus Zach Hamill in neutral zone.
14:24 of 2nd period - Slapshot by Derek Dorsett.
14:24 of 2nd period - Shot Misses the Net.
14:26 of 2nd period - Slapshot by Raman Hrabarenka.
14:26 of 2nd period - Stopped by Johan Gustafsson without a rebound.
14:27 of 2nd period - Jim Slater wins face-off versus Zach Hamill in Admirals NSH zone.
14:32 of 2nd period - Snap shot by Derek Dorsett.
14:32 of 2nd period - Stopped by Johan Gustafsson without a rebound.
14:33 of 2nd period - Jim Slater wins face-off versus Zach Hamill in Admirals NSH zone.
14:38 of 2nd period - Snap shot by Derek Dorsett.
14:38 of 2nd period - Stopped by Johan Gustafsson with a rebound.
14:40 of 2nd period - Snap shot by Derek Dorsett.
14:40 of 2nd period - Shot Misses the Net.
14:42 of 2nd period - Wrist shot by Derek Dorsett.
14:42 of 2nd period - Stopped by Johan Gustafsson with a rebound.
14:44 of 2nd period - Slapshot by Anton Lander.
14:44 of 2nd period - Shot Blocked by Alexey Marchenko.
14:46 of 2nd period - Slapshot by Conor Allen.
14:46 of 2nd period - Stopped by Johan Gustafsson without a rebound.
14:47 of 2nd period - Wade Megan wins face-off versus Kael Mouillierat in Admirals NSH zone.
15:04 of 2nd period - Slapshot by Adam Cracknell.
15:04 of 2nd period - Stopped by Andrey Makarov with a rebound.
16:04 of 2nd period - Minor Penalty to Frazer McLaren for Tripping.
16:05 of 2nd period - Corey Tropp wins face-off versus Kael Mouillierat in Admirals NSH zone.
16:55 of 2nd period - Patrick Mullen is hit by Kevin Czuczman and loses puck.
18:04 of 2nd period - Penalty to Frazer McLaren is over, Frazer McLaren is back on ice.
18:16 of 2nd period - Scott Timmins is hit by Jamie Tardif and loses puck.
18:36 of 2nd period - Buddy Robinson beats up Marcel Noebels.
18:36 of 2nd period - Penalty to Buddy Robinson for Fighting.
18:36 of 2nd period - Penalty to Marcel Noebels for Fighting.
18:37 of 2nd period - Brody Sutter wins face-off versus Patrick Cehlin in neutral zone.
18:40 of 2nd period - Wrist shot by Frazer McLaren.
18:40 of 2nd period - Deflect By Jamie Tardif.
18:40 of 2nd period - Deflect By Raman Hrabarenka.
18:40 of 2nd period - Stopped by Andrey Makarov with a rebound.
18:57 of 2nd period - Snap shot by Scott Timmins.
18:57 of 2nd period - Shot Blocked by Fredrik Claesson.
18:59 of 2nd period - Slapshot by Conor Allen.
18:59 of 2nd period - Shot Misses the Net.
19:01 of 2nd period - Slapshot by Raman Hrabarenka.
19:01 of 2nd period - Deflect By Scott Timmins.
19:01 of 2nd period - Shot Misses the Net.
19:01 of 2nd period - Puck is out of play.
19:02 of 2nd period - Jim Slater wins face-off versus Adam Cracknell in Admirals NSH zone.
19:07 of 2nd period - Snap shot by Derek Dorsett.
19:07 of 2nd period - Shot Misses the Net.
19:17 of 2nd period - Wrist shot by Derek Dorsett.
19:17 of 2nd period - Deflect By Jyrki Jokipakka.
19:17 of 2nd period - Shot Misses the Net.
19:17 of 2nd period - Puck is out of play.
19:18 of 2nd period - Adam Cracknell wins face-off versus Anton Lander in Admirals NSH zone.
19:29 of 2nd period - Slapshot by Kevin Czuczman.
19:29 of 2nd period - Deflect By Adam Cracknell.
19:29 of 2nd period - Stopped by Johan Gustafsson with a rebound.
19:31 of 2nd period - Slapshot by Anton Lander.
19:31 of 2nd period - Stopped by Johan Gustafsson with a rebound.
19:33 of 2nd period - Snap shot by Jim Slater.
19:33 of 2nd period - Stopped by Johan Gustafsson without a rebound.
19:34 of 2nd period - Kael Mouillierat wins face-off versus Wade Megan in Admirals NSH zone.
19:34 of 2nd period - Pierre-Cedric Labrie beats up Dmitry Korobov.
19:34 of 2nd period - Penalty to Dmitry Korobov for Fighting.
19:34 of 2nd period - Penalty to Pierre-Cedric Labrie for Fighting.
19:34 of 2nd period - Penalty to Pierre-Cedric Labrie for instigated a fight.
19:34 of 2nd period - Penalty to Pierre-Cedric Labrie for instigated a fight.
19:35 of 2nd period - Jim Slater wins face-off versus Adam Cracknell in Admirals NSH zone.
Goals for this period are 1 for Admirals NSH vs 1 for Bruins.
Shots for this period are 10 for Admirals NSH vs 11 for Bruins.

3rd period


0:01 of 3rd period - Jim Slater wins face-off versus Corey Tropp in neutral zone.
0:06 of 3rd period - Slapshot by Kevin Czuczman.
0:06 of 3rd period - Shot Blocked by Adam Cracknell.
0:08 of 3rd period - Snap shot by Jim Slater.
0:08 of 3rd period - Deflect By Anton Lander.
0:08 of 3rd period - Shot Blocked by Fredrik Claesson.
0:08 of 3rd period - Puck is out of play.
0:09 of 3rd period - Anton Lander wins face-off versus Corey Tropp in Admirals NSH zone.
1:34 of 3rd period - Penalty to Pierre-Cedric Labrie is over, Jamie Tardif is send on ice.
1:34 of 3rd period - Jyrki Jokipakka is hit by Derek Dorsett.
1:46 of 3rd period - Derek Dorsett is hit by Frazer McLaren and loses puck.
2:01 of 3rd period - Raman Hrabarenka is hit by Frazer McLaren and loses puck.
2:23 of 3rd period - Double Minor Penalty to Derek Dorsett for Slashing.
2:24 of 3rd period - Scott Timmins wins face-off versus Brody Sutter in Bruins zone.
2:24 of 3rd period - Scott Timmins is hit by Fredrik Claesson.
2:55 of 3rd period - Kael Mouillierat is hit by Patrick Mullen and loses puck.
3:17 of 3rd period - Alexey Marchenko is hit by Kael Mouillierat and loses puck.
3:36 of 3rd period - Penalty to Buddy Robinson is over, Buddy Robinson is back on ice.
3:50 of 3rd period - Patrick Cehlin is hit by Wade Megan and loses puck.
4:34 of 3rd period - Penalty to Dmitry Korobov is over, Dmitry Korobov is back on ice.
5:58 of 3rd period - Alexey Marchenko is hit by Kevin Czuczman and loses puck.
6:07 of 3rd period - Wrist shot by Patrick Bordeleau.
6:07 of 3rd period - Shot Misses the Net.
6:23 of 3rd period - Penalty to Derek Dorsett is over, Derek Dorsett is back on ice.
6:33 of 3rd period - Zach Hamill is hit by Simon Moser and loses puck.
6:46 of 3rd period - Wrist shot by Wade Megan.
6:46 of 3rd period - Stopped by Andrey Makarov with a rebound.
6:48 of 3rd period - Slapshot by Alexey Marchenko.
6:48 of 3rd period - Shot Misses the Net.
7:15 of 3rd period - Fredrik Claesson is hit by Patrick Cehlin.
7:30 of 3rd period - Icing by Oliver Lauridsen.
7:31 of 3rd period - Derek Dorsett wins face-off versus Marcel Noebels in Admirals NSH zone.
7:36 of 3rd period - Snap shot by Derek Dorsett.
7:36 of 3rd period - Deflect By Patrick Bordeleau.
7:36 of 3rd period - Stopped by Johan Gustafsson with a rebound.
7:38 of 3rd period - Slapshot by Magnus Nygren.
7:38 of 3rd period - Stopped by Johan Gustafsson with a rebound.
7:40 of 3rd period - Snap shot by Kael Mouillierat.
7:40 of 3rd period - Stopped by Johan Gustafsson with a rebound.
8:36 of 3rd period - Snap shot by Derek Dorsett.
8:36 of 3rd period - Stopped by Johan Gustafsson with a rebound.
8:48 of 3rd period - Cameron Schilling is hit by Dmitry Korobov and loses puck.
9:13 of 3rd period - Wrist shot by Patrick Cehlin.
9:13 of 3rd period - Deflect By Brody Sutter.
9:13 of 3rd period - Shot Misses the Net.
9:13 of 3rd period - Puck is out of play.
9:14 of 3rd period - Anton Lander wins face-off versus Brody Sutter in Admirals NSH zone.
9:15 of 3rd period - Snap shot by Patrick Cehlin.
9:15 of 3rd period - Shot Misses the Net.
9:17 of 3rd period - Snap shot by Anton Lander.
9:17 of 3rd period - Shot Misses the Net.
9:19 of 3rd period - Snap shot by Raman Hrabarenka.
9:19 of 3rd period - Shot Misses the Net.
9:21 of 3rd period - Wrist shot by Conor Allen.
9:21 of 3rd period - Stopped by Johan Gustafsson with a rebound.
9:46 of 3rd period - Backhand shot by Corey Tropp.
9:46 of 3rd period - Stopped by Andrey Makarov with a rebound.
9:48 of 3rd period - Slapshot by Fredrik Claesson.
9:48 of 3rd period - Stopped by Andrey Makarov with a rebound.
11:04 of 3rd period - Derek Dorsett is hit by Nikita Nesterov and loses puck.
11:21 of 3rd period - Corey Tropp is hit by Jim Slater and loses puck.
12:10 of 3rd period - Kael Mouillierat is hit by Oliver Lauridsen and loses puck.
12:25 of 3rd period - Minor Penalty to Patrick Bordeleau for High sticking.
12:26 of 3rd period - Zach Hamill wins face-off versus Kael Mouillierat in Bruins zone.
12:28 of 3rd period - Snap shot by Corey Tropp.
12:28 of 3rd period - Shot Misses the Net.
12:30 of 3rd period - Slapshot by Alexey Marchenko.
12:30 of 3rd period - Deflect By Zach Hamill.
12:30 of 3rd period - Shot Misses the Net.
12:30 of 3rd period - Puck is out of play.
12:31 of 3rd period - Zach Hamill wins face-off versus Kael Mouillierat in Bruins zone.
12:38 of 3rd period - Slapshot by Zach Hamill.
12:38 of 3rd period - Deflect By Scott Timmins.
12:38 of 3rd period - Stopped by Andrey Makarov without a rebound.
12:39 of 3rd period - Kael Mouillierat wins face-off versus Zach Hamill in Bruins zone.
12:58 of 3rd period - Wrist shot by Corey Tropp.
12:58 of 3rd period - Deflect By Kael Mouillierat.
12:58 of 3rd period - Stopped by Andrey Makarov with a rebound.
13:00 of 3rd period - Slapshot by Corey Tropp.
13:00 of 3rd period - Stopped by Andrey Makarov with a rebound.
13:02 of 3rd period - Slapshot by Jyrki Jokipakka.
13:02 of 3rd period - Shot Blocked by Kevin Czuczman.
13:04 of 3rd period - Wrist shot by Fredrik Claesson.
13:04 of 3rd period - Shot Blocked by Kael Mouillierat.
13:18 of 3rd period - Conor Allen is hit by Brody Sutter and loses puck.
13:23 of 3rd period - Snap shot by Matt Halischuk.
13:23 of 3rd period - Goal by Matt Halischuk - Admirals NSH : 2 - Bruins : 1.
13:24 of 3rd period - Jim Slater wins face-off versus Wade Megan in neutral zone.
13:35 of 3rd period - Wrist shot by Derek Dorsett.
13:35 of 3rd period - Shot Misses the Net.
14:01 of 3rd period - Brody Sutter is hit by Patrick Bordeleau.
14:05 of 3rd period - Conor Allen is hit by Alexey Marchenko and loses puck.
14:28 of 3rd period - Slapshot by Kevin Czuczman.
14:28 of 3rd period - Stopped by Johan Gustafsson without a rebound.
14:29 of 3rd period - Scott Timmins wins face-off versus Zach Hamill in Admirals NSH zone.
14:32 of 3rd period - Snap shot by Buddy Robinson.
14:32 of 3rd period - Stopped by Johan Gustafsson with a rebound.
14:34 of 3rd period - 10 Minutes Misconduct Penalty to Pierre-Cedric Labrie is over.
15:43 of 3rd period - Minor Penalty to Kevin Czuczman for Roughing.
15:44 of 3rd period - Kael Mouillierat wins face-off versus Adam Cracknell in Bruins zone.
16:18 of 3rd period - Snap shot by Brody Sutter.
16:18 of 3rd period - Deflect By Jamie Tardif.
16:18 of 3rd period - Shot Misses the Net.
16:18 of 3rd period - Puck is out of play.
16:19 of 3rd period - Brody Sutter wins face-off versus Derek Dorsett in Bruins zone.
16:28 of 3rd period - Snap shot by Brody Sutter.
16:28 of 3rd period - Deflect By Jamie Tardif.
16:28 of 3rd period - Stopped by Andrey Makarov without a rebound.
16:29 of 3rd period - Derek Dorsett wins face-off versus Adam Cracknell in Bruins zone.
16:29 of 3rd period - Derek Dorsett is hit by Adam Cracknell.
17:06 of 3rd period - Slapshot by Jamie Tardif.
17:06 of 3rd period - Shot Misses the Net.
17:08 of 3rd period - Snap shot by Brody Sutter.
17:08 of 3rd period - Shot Misses the Net.
17:28 of 3rd period - Dmitry Korobov is hit by Corey Tropp and loses puck.
17:43 of 3rd period - Penalty to Kevin Czuczman is over, Kevin Czuczman is back on ice.
18:19 of 3rd period - Jyrki Jokipakka is hit by Derek Dorsett and loses puck.
18:30 of 3rd period - Snap shot by Jyrki Jokipakka.
18:30 of 3rd period - Deflect By Zach Hamill.
18:30 of 3rd period - Shot Misses the Net.
18:30 of 3rd period - Puck is out of play.
18:31 of 3rd period - Adam Cracknell wins face-off versus Kael Mouillierat in Bruins zone.
19:32 of 3rd period - Snap shot by Matt Halischuk.
19:32 of 3rd period - Stopped by Andrey Makarov with a rebound.
Goals for this period are 1 for Admirals NSH vs 0 for Bruins.
Shots for this period are 9 for Admirals NSH vs 7 for Bruins.


Output by the SimonT Hockey Simulator (STHS) for Eric Dolegowski -- Original Page W3C XHTML 1.0 Valid
Hockey Simulator - Hockey Simulation - Hockey Manager